AoeStats
← [Memento mori] Lord_Balam

MegaRandom

508577611Analyzed
2v2 RM · 11d ago on Sep 23, 2026· 38m 35s· 4 players
Game mode
Random Map
Map size
Medium (4 player)
Population
200
Speed
Normal
Resources
Standard
Victory
Conquest
Starting age
Dark Age
Ending age
Imperial Age
RankedLock teamsTeams togetherTeam positionsShared explorationLock speedFull tech treeHidden civsTurbo modeCheats
Victory
Defeat
544
+13
🇺🇸 Slavs · United States
494
+15
🇳🇮 Saracens · Nicaragua
634
-20
🇺🇸 Ethiopians · United States
312
-8
Wortortle
3:14 Loom
10:24 Loom
12:33 Feudal Age
13:45 Double-Bit Axe
13:38 Man-at-Arms
14:33 Horse Collar
18:20 Wheelbarrow
20:31 Castle Age
20:18 Scale Mail Armor
21:32 Forging
21:43 Long Swordsman
22:19 Pikeman
26:58 Hand Cart
27:43 Chain Mail Armor
33:05 Imperial Age
33:47 Bow Saw
33:43 Heavy Plow
33:18 Halberdier
34:39 Caravan
35:06 Conscription
34:51 Squires
35:26 Plate Mail Armor
37:17 Two-Man Saw
36:52 Crop Rotation
37:09 Iron Casting
38:17 Two-Handed Swordsman
[Memento mori] Lord_Balam
11:49 Feudal Age
10:05 Loom
20:00 Castle Age
19:00 Double-Bit Axe
20:25 Town Watch
22:54 Wheelbarrow
24:46 Scale Mail Armor
37:30 Arson
38:38 Hand Cart
chingon
12:30 Feudal Age
10:46 Loom
13:22 Double-Bit Axe
13:19 Horse Collar
17:41 Town Watch
22:46 Stone Mining
25:26 Castle Age
23:50 Arson
25:05 Forging
24:45 Fletching
26:31 Bow Saw
26:59 Heavy Plow
26:58 Pikeman
27:39 Squires
Alexander5663
11:30 Feudal Age
14:34 Double-Bit Axe
17:39 Horse Collar
26:55 Castle Age
27:44 Royal Heirs
37:13 Bow Saw
Connection lost

Rejoining the realm…

Still unreachable

The connection could not be restored.

Session expired

The server has moved on; the page needs a fresh start.